Unix NetHack Version 5.0.0-0 post-release - last build May  4 2026 22:22:43 (774f63e81ad911689b3a0859ea89b322d5daca8d,branch:main).

Game began 2026-05-07 13:53:15, ended 2026-05-07 14:31:42.

24620901111, lawful male human Monk

 -----
 |..eZ
 |).@|
 -----

24620901111 the Initiate        St:18 Dx:16 Co:12 In:9 Wi:11 Ch:10  Lawful
Dlvl:9  $:59 HP:0(51) Pw:28(28) AC:4  Xp:6 T:2177 

Latest messages:
 $ - 31 gold pieces (52 in total).
 With great effort you move the boulder.
 You try to move the boulder, but in vain.
 You try to move the boulder, but in vain.
 You see here 7 gold pieces.
 $ - 7 gold pieces (59 in total).
 The door opens.
 A kobold suddenly appears close by!
 The kobold throws a dart!
 You are hit by a dart.
 You kill the kobold!
 You see here 7 darts.
 With great effort you move the boulder.
 This door is locked.
 This door is locked.
 This door is locked.
 This door is locked.
 This door is locked.
 This door is locked.
 This door is locked.
 This door is locked.
 This door is locked.
 In what direction? 2
 As you kick the door, it crashes open!
 You see here 7 darts.
 You see here a dart.
 You descend the stairs.
 You miss the floating eye.
 You hit the floating eye!
 You are frozen by the floating eye's gaze!
 The human zombie hits!
 The human zombie hits!
 The human zombie hits!
 You return to human form!
 The human zombie hits!
 The human zombie hits!
 The human zombie hits!
 The human zombie hits!
 The human zombie hits!
 The human zombie hits!
 The human zombie hits!
 The human zombie hits!
 The human zombie hits!
 The human zombie hits!
 You die...
 Do you want your possessions identified? [ynq] (y) y
 Do you want to see your attributes? [ynq] (y) y
 Do you want an account of creatures vanquished? [ynaq] (y) y
 Do you want to see your conduct and achievements? [ynq] (y) y
 Do you want to see the dungeon overview? [ynq] (y) y

Inventory:
 Coins    ('$')
  $ - 59 gold pieces
 Armor    ('[')
  a - an uncursed +2 pair of leather gloves (being worn)
  b - an uncursed +1 robe (being worn)
 Comestibles  ('%')
  f - 4 uncursed apples
  e - 8 uncursed food rations
  h - 2 uncursed fortune cookies
  g - 5 uncursed oranges
 Scrolls  ('?')
  c - an uncursed scroll of gold detection
 Spellbooks  ('+')
  i - a blessed spellbook of healing
 Potions  ('!')
  d - 3 uncursed potions of healing
 Rings    ('=')
  m - an uncursed ring of shock resistance

24620901111 the Monk's attributes:

Background:
 You were an Initiate, a level 6 male human Monk.
 You were lawful, nominally on a mission for Shan Lai Ching
 who was opposed by Chih Sung-tzu (neutral) and Huan Ti (chaotic).
 You were left-handed.
 You were in the Dungeons of Doom, on level 9.
 You entered the dungeon 2177 turns ago.
 You had 434 experience points, 206 more were needed to attain level 7.

Basics:
 You had 0 out of 51 hit points.
 You had all 28 energy points (spell power).
 Your armor class was 4.
 Your wallet contained 59 zorkmids.
 Autopickup was off.

Final Characteristics:
 Your strength was 18 (limit:18/100).
 Your dexterity was 16 (limit:18).
 Your constitution was 12 (limit:18).
 Your intelligence was 9 (limit:18).
 Your wisdom was 11 (limit:18).
 Your charisma was 10 (limit:18).

Final Status:
 You weren't hungry.
 You were unencumbered.
 You were empty handed.
 You had basic skill with martial arts.

Final Attributes:
 You were devoutly aligned.
 You were sleep resistant.
 You were poison resistant.
 You saw invisible.
 You were stealthy.
 You were guarded.
 Your spell casting was enhanced by wearing a robe.
 You were fast.
 You are dead.

Miscellaneous:
 You didn't encounter any bones levels.
 Total elapsed playing time was 38 minutes and 26 seconds.

Major events:
 Turn
    1: 24620901111 the lawful male human Monk entered the dungeon
  714: attained the rank of Novice (level 3)
 1616: attained the rank of Initiate (level 6)
 2177: killed by a human zombie, while frozen by a floating eye's gaze

Spells:
 Name                 Level Category     Fail Retention
 healing                1   healing        0%   81%-90%

Skills:
 Fighting Skills
   martial arts       [Basic]
 Weapon Skills
   quarterstaff       [Unskilled]
   spear              [Unskilled]
   crossbow           [Unskilled]
   shuriken           [Unskilled]
 Spellcasting Skills
   attack spells      [Unskilled]
   healing spells     [Basic]
   divination spells  [Unskilled]
   enchantment spells [Unskilled]
   clerical spells    [Unskilled]
   escape spells      [Unskilled]
   matter spells      [Unskilled]

Voluntary challenges:
 Character rerolling was not enabled.
 You were an atheist.
 You never hit with a wielded weapon.
 You never genocided any monsters.
 You never polymorphed an object.
 You used no wishes.
Achievements:
 You entered a shop.
 You attained the rank of Novice.
 You attained the rank of Initiate.

 The Dungeons of Doom: levels 1 to 9
    Level 1:
       A grave.
    Level 2:
       An armor shop.
    Level 3:
       A grave.
    Level 4:
       A weapon shop.
    Level 5:
       A fountain.
    Level 6:
       Many fountains.
    Level 7:
    Level 8:
       A fountain.
    Level 9: <- You were here.
       Final resting place for
          you, killed by a human zombie, while frozen by a floating eye's gaze.


Vanquished creatures:
  3 leprechauns
  a lizard
  3 Uruk-hai
  a rock mole
  a fog cloud
  a violet fungus
  2 gnomish wizards
  a black naga hatchling
  2 gray oozes
  a straw golem
  a floating eye
  a homunculus
 an orc zombie
  a werejackal
 an acid blob
  a hobgoblin
  2 cave spiders
  2 red molds
  3 garter snakes
  a gnome zombie
  4 jackals
  a fox
  a kobold
  a grid bug
  a bat
  5 lichens
  2 newts
45 creatures vanquished.

No species were genocided or became extinct.

Game over:
                       ----------
                      /          \
                     /    REST    \
                    /      IN      \
                   /     PEACE      \
                  /                  \
                  |   24620901111    |
                  |      59 Au       |
                  |   killed by a    |
                  |   human zombie   |
                  |                  |
                  |                  |
                  |       2026       |
                 *|     *  *  *      | *
        _________)/\\_//(\/(/\)/\//\/|_)_______

Goodbye 24620901111 the Monk...

You died in The Dungeons of Doom on dungeon level 9 with 2190 points,
and 59 pieces of gold, after 2177 moves.
You were level 6 with a maximum of 51 hit points when you died.

